 Dungeon Crawl Stone Soup version 0.26.1-11-gd32895ea62 (webtiles) character file.

Game seed: 7598212271370351523

742 vvl the Grave Robber (level 7, -1/46 HPs)
             Began as a Demonspawn Ice Elementalist on July 9, 2021.
             Killed by divine providence
             ... invoked by an orc priest
              (14 damage)
             ... on level 6 of the Dungeon.
             The game lasted 00:18:46 (7235 turns).

vvl the Grave Robber (Demonspawn Ice Elementalist)  Turns: 7235, Time: 00:18:46

Health: -1/46      AC:  5    Str:  9    XL:     7   Next: 47%
Magic:  12/12      EV: 12    Int: 13    God:
Gold:   390        SH:  0    Dex: 14    Spells: 0/13 levels left

rFire    . . .     SeeInvis .   r - +2 dagger (venom)
rCold    + . .     Faith    .   (no shield)
rNeg     . . .     Spirit   .   (no armour)
rPois    .         Reflect  .   (helmet restricted)
rElec    .         Harm     .   (no cloak)
rCorr    .         Rampage  .   c - +0 pair of gloves
Will     .....                  g - +0 pair of boots
Stlth    ++........             (no amulet)
HPRegen  0.15/turn              i - ring of ice
MPRegen  0.13/turn              f - -4 ring of intelligence (curse)

@: no status effects
A: antennae 1, icy blue scales 2, fire resistance 1
a: no special abilities


You were on level 6 of the Dungeon.
You visited 1 branch of the dungeon, and saw 6 of its levels.

You collected 390 gold pieces.

Inventory:

Hand Weapons
 r - a +2 dagger of venom (weapon)
 t - a +0 spectral quarterstaff
Armour
 c - a +0 pair of gloves (worn)
 g - a +0 pair of boots (worn)
Jewellery
 f - a cursed -4 ring of intelligence (right hand)
 i - a ring of ice (left hand)
 v - an uncursed ring of magical power {unknown}
Wands
 l - a wand of enslavement (5)
Scrolls
 a - 2 scrolls of fog
 h - 9 scrolls of teleportation
 j - a scroll of immolation
 m - 2 scrolls of enchant weapon
 s - a scroll of enchant armour
 u - a scroll of amnesia {unknown}
Potions
 b - a potion of haste {unknown}
 d - 7 potions of curing
 e - 3 potions of heal wounds
 k - 3 potions of degeneration {unknown}
 n - 4 potions of attraction
 o - a potion of lignification {unknown}
 p - 2 potions of resistance {unknown}
 q - a potion of brilliance {unknown}


   Skills:
 - Level 1.0 Armour
 - Level 2.0 Dodging
 - Level 2.0 Stealth
 + Level 3.7 Spellcasting
 + Level 3.2 Conjurations
 * Level 5.4 Necromancy
 + Level 0.0 Translocations
 + Level 4.8 Ice Magic


You couldn't memorise any spells.
You knew the following spells:

 Your Spells              Type           Power        Failure   Level
a - Freeze                Ice            88%          2%          1
b - Frozen Ramparts       Ice            44%          9%          3
c - Ozocubu's Armour      Ice            22%          9%          3
d - Blink                 Tloc           N/A          32%         2
e - Hailstorm             Conj/Ice       19%          36%         4

Your spell library contained the following spells:

 Spells                   Type           Power        Failure   Level
 Magic Dart               Conj           40%          5%          1
 Call Imp                 Summ           2%           32%         2
 Slow                     Hex            2%           32%         2
 Conjure Flame            Conj/Fire      6%           32%         3
 Mephitic Cloud           Conj/Pois/Air  5%           38%         3
 Summon Ice Beast         Ice/Summ       13%          61%         4


Dungeon Overview and Level Annotations

Branches:
Dungeon (6/15)
 Temple: D:4-7

Altars:
Nemelex Xobeh
Qazlal


Innate Abilities, Weirdness & Mutations

You have a pair of small antennae on your head.
You are mostly covered in icy blue scales. (AC +3)
Your flesh is heat resistant. (rF+)


Message History

The magic dart hits you.
The orc wizard hits you with a +0 dagger.
You miss the orc wizard. The orc priest closely misses you.
The orc wizard points at you and mumbles some strange words.
The magic dart hits you!
The orc wizard hits you with a +0 dagger.
* * * LOW HITPOINT WARNING * * *
Aiming: Enslavement
Press: ? - help, Shift-Dir - straight line, f - orc wizard
Aim: an orc wizard, wielding a +0 dagger and wearing a +0 robe (chance to affect: 46%)
The orc wizard resists with some effort.
The orc priest calls upon Beogh to heal the orc wizard.
The orc wizard is healed somewhat.
The orc wizard hits you but does no damage.
The orc wizard barely misses you.
The orc wizard gestures wildly while chanting.
The orc wizard blinks!
The orc priest invokes the aid of Beogh against you.
Beogh smites you!
You die...

########.#######
#.# #.# #.# #.#
#.# #.# ###
#.########.o..
#..@.oo.......
#....oo.......
#.############
###


You could see an orc priest (very poisoned), an orc wizard (very poisoned) and 2
orcs.

Vanquished Creatures
  Menkaure (D:5)
  An ice beast (D:5)
  An ogre (D:5)
  2 jellies
  A hound (D:4)
  4 orc wizards
  An iguana (D:5)
  2 worker ants
  7 adders
  An adder zombie (D:5)
  2 adder skeletons (D:4)
  5 dart slugs
  13 orcs
  A ball python (D:2)
  4 giant cockroaches
  5 goblins
  5 hobgoblins
  2 jackals (D:5)
  A quokka (D:5)
  13 bats
  9 frilled lizards
  6 kobolds
  9 rats
96 creatures vanquished.

Vanquished Creatures (others)
  5 plants (D:2)
5 creatures vanquished.

Grand Total: 101 creatures vanquished

Notes
Turn   | Place    | Note
-------+----------+-------------------------------------------
     0 | D:1      | vvl the Demonspawn Ice Elementalist began the quest for the
                  | Orb.
     0 | D:1      | Reached XP level 1. HP: 13/13 MP: 3/3
   598 | D:1      | Reached skill level 1 in Necromancy
   723 | D:1      | Gained mutation: You have a pair of small antennae on your
                  | head. [demonic ancestry]
   723 | D:1      | Reached XP level 2. HP: 13/19 MP: 1/5
  1714 | D:2      | Gained mutation: You are partially covered in icy blue
                  | scales. (AC +2) [demonic ancestry]
  1714 | D:2      | Reached XP level 3. HP: 24/24 MP: 6/6
  2015 | D:2      | Reached skill level 2 in Necromancy
  2174 | D:2      | Reached XP level 4. HP: 26/30 MP: 1/7
  2274 | D:2      | Reached skill level 1 in Conjurations
  2280 | D:2      | Reached skill level 1 in Armour
  2867 | D:3      | Found a sparkling altar of Nemelex Xobeh.
  4128 | D:4      | Reached skill level 3 in Necromancy
  4128 | D:4      | Gained mutation: Your flesh is heat resistant. (rF+)
                  | [demonic ancestry]
  4128 | D:4      | Reached XP level 5. HP: 34/35 MP: 3/8
  4885 | D:5      | Entered Level 5 of the Dungeon
  5139 | D:5      | Gained mutation: You are mostly covered in icy blue scales.
                  | (AC +3) [demonic ancestry]
  5139 | D:5      | Reached XP level 6. HP: 41/41 MP: 5/10
  5532 | D:5      | Reached skill level 4 in Necromancy
  5866 | D:5      | Noticed an ice beast
  5907 | D:5      | Killed an ice beast
  5954 | D:5      | Reached XP level 7. HP: 37/46 MP: 12/12
  6187 | D:5      | Noticed Menkaure
  6196 | D:5      | HP: 1/46 [Menkaure (20)]
  6200 | D:5      | Killed Menkaure
  6201 | D:5      | Reached skill level 5 in Necromancy
  6735 | D:5      | Found a stormy altar of Qazlal.
  7177 | D:6      | Learned a level 3 spell: Frozen Ramparts
  7181 | D:6      | Learned a level 3 spell: Ozocubu's Armour
  7184 | D:6      | Learned a level 2 spell: Blink
  7189 | D:6      | Learned a level 4 spell: Hailstorm
  7235 | D:6      | Killed from afar by an orc priest

Illustrated notes

Levels and vault maps discovered:
D:1:      minmay_arrival_shoal_huts, layout_basic, minmay_misc_feat_pillars,
          hangedman_abyss_or_decor_stabs, minmay_misc_feat_rugged
D:2:      layout_loops_ring, guppyfry_early_lair_pool
D:3:      minmay_recursive_quarters, layout_loops_ring,
          nemelex_xobeh_ov_fountains_minmay, serial_aquarium,
          aquarium_bridge_straight [aquarium_subvault_bridge,
          aquarium_subvault_wall, aquarium_subvault_bridge,
          aquarium_subvault_wall], aquarium_bridge_long_separate
          [aquarium_subvault_wall, aquarium_subvault_bridge,
          aquarium_subvault_wall, aquarium_subvault_bridge,
          aquarium_subvault_wall, aquarium_subvault_wall], aquarium_window_1,
          aquarium_window_fake, aquarium_window_1, aquarium_view_2d,
          aquarium_pool_2, nicolae_underground_beach
D:4:      layout_loops_ring
D:5:      layout_loops_ring, palyth_stone_intersect,
          nicolae_qazlal_eye_of_the_storm, uniq_menkaure
D:6:      layout_basic, biasface_ghost_orc_armoury,
          kennysheep_opposing_triangles, uniq_blork_the_orc

Skill      XL: |  1  2  3  4  5  6  7 |
---------------+----------------------+-----
Necromancy     | 1 2 3 4 5 |  5.4
Stealth        | 2 |  2.0
Dodging        | 2 |  2.0
Conjurations   | 1 2 3 |  3.2
Armour         | 1 |  1.0
Ice Magic      | 4 |  4.8
Spellcasting   | 3 |  3.7

Action                   |  1- 3 |  4- 6 |  7- 9 || total
-------------------------+-------+-------+-------++-------
Melee: Unarmed           |    25 |    68 |       ||    93
       Quarterstaff      |       |     6 |    11 ||    17
       Short sword       |       |     4 |       ||     4
       Dagger            |       |       |    47 ||    47
 Cast: Freeze            |    59 |    95 |     8 ||   162
Evoke: Wand              |       |     5 |     2 ||     7
  Use: Scroll            |       |     8 |     2 ||    10
       Potion            |       |       |     2 ||     2
 Stab: Sleeping          |     1 |     1 |     1 ||     3
Armor: Robe              |     5 |       |       ||     5
       Ring mail         |    17 |     1 |       ||    18
       Skin              |       |    32 |    18 ||    50
Dodge: Dodged            |    41 |   124 |    27 ||   192
